 Dungeon Crawl Stone Soup version 0.28.0-47-ge53b351184 (webtiles) character file.

Game seed: 421316200792600557

9601 nickcage the Thaumaturge (level 11, -1/54 HPs)
             Began as a Deep Elf Ice Elementalist on May 3, 2022.
             Was a Believer of Vehumet.
             Slain by a wyvern zombie (2 damage)
             ... on level 9 of the Dungeon on May 9, 2022.
             The game lasted 00:51:55 (11706 turns).

nickcage the Thaumaturge (DEIE)                    Turns: 11706, Time: 00:51:55

Health: -1/54      AC: 16    Str:  5    XL:     11   Next: 25%
Magic:  26/31      EV:  6    Int: 25    God:    Vehumet [**....]
Gold:   681        SH:  0    Dex: 15    Spells: 8/38 levels left

rFire   . . .      SeeInvis .   i - +1 mace (venom)
rCold   . . .      Faith    .   (no shield)
rNeg    . . .      Spirit   .   a - +1 robe
rPois   +          Reflect  +   j - +2 helmet
rElec   .          Harm     .   (no cloak)
rCorr   .          Rampage  .   (no gloves)
Will    +....                   (no boots)
Stlth   ++........              w - amulet of reflection
HPRegen 0.18/turn               o - ring of poison resistance
MPRegen 0.22/turn               (no ring)

@: ice-armoured, held
A: no striking features
a: Renounce Religion


You were on level 9 of the Dungeon.
You worshipped Vehumet.
Vehumet was pleased with you.
You visited 3 branches of the dungeon, and saw 11 of its levels.
You also visited: Sewer.

You collected 681 gold pieces.

Inventory:

Hand Weapons
 c - a +0 dagger
 i - a +1 mace of venom (weapon)
Armour
 a - a +1 robe (worn)
 j - a +2 helmet (worn)
 v - a +0 buckler
Jewellery
 o - a ring of poison resistance (left hand)
 w - an amulet of reflection (around neck)
Wands
 g - a wand of polymorph (7)
 x - a wand of acid (10)
 y - a wand of mindburst (13)
 F - a wand of iceblast (7)
 I - a wand of flame (39)
Scrolls
 d - a scroll of fear
 q - a scroll of enchant armour
 r - a scroll of fog
 u - a scroll of teleportation
 A - a scroll of identify
 B - a scroll of noise
 J - a scroll of magic mapping
Potions
 b - a potion of experience {unknown}
 e - 6 potions of berserk rage
 f - a potion of magic {unknown}
 h - 3 potions of curing
 k - 3 potions of haste {unknown}
 l - 5 potions of degeneration
 m - 2 potions of ambrosia
 n - 2 potions of attraction {unknown}
 p - 2 potions of resistance
 s - a potion of flight {unknown}
 t - a potion of cancellation {unknown}
 z - 2 potions of lignification
 C - a potion of invisibility {unknown}
 D - a potion of brilliance {unknown}
 H - 2 potions of heal wounds {unknown}


   Skills:
 - Level 2.4 Dodging
 - Level 2.4 Stealth
 - Level 14.0 Spellcasting
 - Level 4.1 Conjurations
 * Level 7.0 Fire Magic
 + Level 12.1 Ice Magic
 - Level 4.0 Air Magic
 - Level 4.0 Poison Magic


You had 8 spell levels left.
You knew the following spells:

 Your Spells              Type           Power      Damage    Failure   Level
a - Freeze                Ice            100%       1d11      1%          1
b - Frozen Ramparts       Ice            100%       1d12      1%          3
c - Ozocubu's Armour      Ice            68%        N/A       1%          3
d - Hailstorm             Conj/Ice       55%        3d12      1%          4
e - Mephitic Cloud        Conj/Pois/Air  38%        N/A       1%          3
f - Shock                 Conj/Air       100%       1d9       1%          1
g - Swiftness             Air            37%        N/A       1%          3
h - Poisonous Vapours     Pois/Air       74%        N/A       1%          2
i - Ensorcelled Hibernat  Hex/Ice        96%        N/A       1%          2
j - Flame Wave            Conj/Fire      45%        2d10      3%          4
k - Sticky Flame          Conj/Fire      45%        2d6       3%          4

Your spell library contained the following spells:

 Spells                   Type           Power      Damage    Failure   Level
 Foxfire                  Conj/Fire      100%       2x1d9     1%          1
 Magic Dart               Conj           100%       1d8       1%          1
 Static Discharge         Conj/Air       38%        N/A       1%          2
 Conjure Flame            Conj/Fire      45%        6-21      1%          3
 Inner Flame              Hex/Fire       35%        N/A       2%          3
 Call Imp                 Summ           17%        N/A       4%          2
 Passwall                 Tmut/Erth      14%        N/A       4%          2
 Dispel Undead            Necr           17%        3d10      32%         4


Dungeon Overview and Level Annotations

Branches:
Dungeon (9/15)             Temple (1/1) D:4            Lair (1/6) D:8
  Sewer (visited)
    Orc: D:9-12

Altars:
Ashenzari
Cheibriados
Dithmenos
Elyvilon
Fedhas
Gozag
Hepliaklqana
Kikubaaqudgha
Nemelex Xobeh
Okawaru
Qazlal
Ru
Sif Muna
Trog
Uskayaw
Vehumet
Wu Jian
Xom
Yredelemnul
Zin

Shops:
D:1 =   D:2 (   D:6 *

Annotations:
D:9 Harold


Message History

There is a stone staircase leading down here.
You climb downwards.
Level annotation: Harold Harold zaps a wand.
The bolt of acid hits you!!
There is a stone staircase leading up here.
Harold throws a throwing net.
The throwing net hits you.
You become entangled in the net!
You stop ascending the stairs.
Cast which spell? (? or * to list)
A film of ice covers your body!
Casting: Ozocubu's Armour (safe; 1% risk of failure)
Confirm with . or Enter, or press ? or * to list all spells.
Aiming: Mephitic Cloud (safe; 1% risk of failure)
Press: ? - help, Shift-Dir - straight line, f - Harold
Aim: Harold, wielding a +0 glaive, wearing a +0 scale mail and carrying a wand of acid (1) (chance to affect: 58%)
The ball explodes into a vile cloud!
The stinking cloud engulfs Harold but does no damage.
You hear a shout! x2; You hear two shouts!
You hear a shout! x3
You hear an angry hiss.
You hear a shout!
Harold is engulfed in noxious fumes.
Harold zaps a wand.
The bolt of acid hits you!!
Ouch! That really hurt!
* * * LOW HITPOINT WARNING * * *
The now-empty wand crumbles to dust.
Okay, then.
As you read the scroll of fear, it crumbles to dust.
You assume a fearsome visage.
Harold looks frightened!
The wyvern zombie is unaffected.
Harold is engulfed in noxious fumes.
Harold appears confused.
You struggle against the net.
The wyvern zombie bites you but does no damage.
You struggle against the net.
Harold is engulfed in noxious fumes.
Harold appears confused.
Harold almost stumbles in trying to escape.
The wyvern zombie bites you but does no damage.
You struggle against the net.
The wyvern zombie bites you.
* * * LOW HITPOINT WARNING * * *
You struggle against the net.
The wyvern zombie bites you but does no damage.
Harold is engulfed in noxious fumes.
The wyvern zombie bites you.
You die...

#.#+## ..... #.....
..... .#..... ......
...... ......
#....##......
.##...........#
....°○.....##
....○@Z@....#
....○.○.....#
...........#+#....#
##........#.#+#....#
.....................
......................
......................
......).........^..(.$
...............


You could see Harold (confused, fleeing) and a wyvern zombie.

Vanquished Creatures
  A hydra (Lair:1)
  2 two-headed ogres (D:8)
  An ugly thing (D:8)
  A cyclops (D:8)
  A manticore (D:8)
  A black mamba (Lair:1)
  A cane toad (Lair:1)
  2 komodo dragons (D:8)
  10 blink frogs (Lair:1)
  A yak (D:8)
  4 water moccasins
  A sky beast (D:7)
  Pargi (Sewer)
  A black bear (D:4)
  An orc warrior (D:8)
  A necrophage (D:6)
  2 ogres (D:6)
  6 wolves (Lair:1)
  A centaur (D:8)
  2 phantoms
  5 bullfrogs
  4 scorpions
  3 water moccasin skeletons
  11 killer bees (D:8)
  A hound (D:4)
  3 jellies
  An orc priest (D:4)
  4 orc wizards
  2 iguanas
  A killer bee zombie (D:7)
  A hound skeleton (D:4)
  Robin (D:2)
  A howler monkey skeleton (D:6)
  4 gnolls
  12 adders
  An ufetubus (D:5)
  3 adder skeletons (D:4)
  4 dart slugs
  13 orcs
  11 ball pythons
  5 bats
  8 endoplasms
  8 giant cockroaches
  17 goblins
  13 hobgoblins
  2 jackals (D:4)
  14 kobolds
  6 quokkas
  A frilled lizard (D:2)
  4 rats
205 creatures vanquished.

Vanquished Creatures (others)
  3 fungi
  16 plants
19 creatures vanquished.

Grand Total: 224 creatures vanquished

Notes
Turn   | Place    | Note
-------+----------+-------------------------------------------
     0 | D:1      | nickcage the Deep Elf Ice Elementalist began the quest for
                  | the Orb.
     0 | D:1      | Reached XP level 1. HP: 10/10 MP: 6/6
   200 | D:1      | Reached XP level 2. HP: 15/15 MP: 5/8
   233 | D:1      | Reached skill level 5 in Ice Magic
   509 | D:1      | Reached XP level 3. HP: 15/19 MP: 8/10
   513 | D:1      | Learned a level 3 spell: Frozen Ramparts
   517 | D:1      | Learned a level 3 spell: Ozocubu's Armour
   799 | D:1      | Found Noec's Jewellery Emporium.
  1494 | D:2      | Reached skill level 4 in Spellcasting
  1740 | D:2      | Found Petsuax's Weapon Emporium.
  1818 | D:2      | Found an ancient bone altar of Kikubaaqudgha.
  2002 | D:2      | Noticed Robin
  2005 | D:2      | Reached XP level 4. HP: 18/24 MP: 8/12
  2007 | D:2      | Killed Robin
  2893 | D:3      | Found a faded altar of an unknown god.
  3064 | D:4      | Noticed a scorpion
  3067 | D:4      | Killed a scorpion
  3068 | D:4      | Reached XP level 5. HP: 28/28 MP: 5/13
  3365 | D:4      | Noticed a black bear
  3370 | D:4      | Killed a black bear
  3371 | D:4      | Reached XP level 6. HP: 32/32 MP: 6/14
  4317 | D:4      | Reached XP level 7. HP: 36/36 MP: 13/16
  4374 | D:4      | Found a staircase to the Ecumenical Temple.
  4388 | Temple   | Entered the Ecumenical Temple
  4400 | Temple   | Became a worshipper of Vehumet
  4738 | D:5      | Entered Level 5 of the Dungeon
  5374 | D:5      | Reached skill level 5 in Spellcasting
  6063 | D:6      | Reached skill level 6 in Spellcasting
  6070 | D:6      | Learned a level 4 spell: Hailstorm
  6074 | D:6      | Learned a level 3 spell: Mephitic Cloud
  6074 | D:6      | Found a glowing drain.
  6091 | Sewer    | Entered a sewer
  6184 | Sewer    | Noticed Pargi
  6193 | Sewer    | Killed Pargi
  6194 | Sewer    | Reached skill level 1 in Conjurations
  6389 | D:6      | Reached skill level 10 in Ice Magic
  6389 | D:6      | Reached XP level 8. HP: 29/41 MP: 14/19
  6589 | D:6      | Reached * piety under Vehumet
  6589 | D:6      | Offered knowledge of Shock by Vehumet.
  6613 | D:6      | Learned a level 1 spell: Shock
  7081 | D:6      | Found Ottaoh's General Store.
  7323 | D:6      | Reached skill level 1 in Fire Magic
  7323 | D:6      | Reached skill level 1 in Air Magic
  7323 | D:6      | Reached skill level 1 in Poison Magic
  8658 | D:7      | Found an ancient bone altar of Kikubaaqudgha.
  8993 | D:8      | Found a staircase to the Lair.
  8994 | D:8      | Noticed a komodo dragon
  9010 | D:8      | Killed a komodo dragon
  9011 | D:8      | Reached XP level 9. HP: 45/45 MP: 11/20
  9303 | D:8      | Reached skill level 7 in Spellcasting
  9392 | D:8      | Learned a level 3 spell: Swiftness
  9699 | D:8      | Reached skill level 8 in Spellcasting
  9815 | D:8      | Noticed a komodo dragon
  9815 | D:8      | Noticed a two-headed ogre
  9815 | D:8      | Noticed a white ugly thing
  9816 | D:8      | Noticed a manticore
  9817 | D:8      | Noticed a cyclops
  9821 | D:8      | Killed a two-headed ogre
  9822 | D:8      | Reached skill level 10 in Spellcasting
  9822 | D:8      | Killed a komodo dragon
  9823 | D:8      | Reached skill level 11 in Spellcasting
  9825 | D:8      | Killed a cyclops
  9826 | D:8      | Reached XP level 10. HP: 10/50 MP: 2/27
  9826 | D:8      | Killed a manticore
  9826 | D:8      | Reached ** piety under Vehumet
  9827 | D:8      | Reached skill level 12 in Spellcasting
  9827 | D:8      | Killed a white ugly thing
  9827 | D:8      | Offered knowledge of Poisonous Vapours by Vehumet.
 10286 | D:8      | Noticed a two-headed ogre
 10293 | D:8      | Killed a two-headed ogre
 10294 | D:8      | Reached skill level 13 in Spellcasting
 10297 | D:8      | Learned a level 2 spell: Poisonous Vapours
 10411 | D:8      | Learned a level 2 spell: Ensorcelled Hibernation
 10416 | D:8      | Learned a level 4 spell: Flame Wave
 10421 | D:8      | Learned a level 4 spell: Sticky Flame
 10479 | D:9      | Noticed Harold
 10577 | Lair:1   | Entered Level 1 of the Lair of Beasts
 10620 | Lair:1   | Reached skill level 14 in Spellcasting
 10639 | Lair:1   | Noticed a cane toad
 10646 | Lair:1   | Killed a cane toad
 10660 | Lair:1   | Reached skill level 5 in Fire Magic
 10952 | Lair:1   | Reached XP level 11. HP: 54/54 MP: 19/31
 11399 | Lair:1   | Noticed a four-headed hydra
 11412 | Lair:1   | Killed a four-headed hydra
 11592 | Lair:1   | Noticed an eight-headed hydra
 11701 | D:9      | HP: 1/54 [Harold/bolt of acid (28)]
 11706 | D:9      | Slain by a wyvern zombie

Illustrated notes

Levels and vault maps discovered:
D:1:      amcnicky_arrival_abandoned_market, layout_basic, serial_shops, shop
D:2:      minmay_inner_zag, layout_basic, basic_altar, serial_shops, shop,
          minmay_shallow_snake_nest, uniq_robin
D:3:      layout_rooms, shapermc_ecumenical_altar_mp_urbaneastern
D:4:      layout_loops_cross, minmay_temple_entry_ruins
D:5:      layout_basic
D:6:      corexii_shack_village, layout_loops_corners, gup_sewer_entry_glass,
          nicolae_stop_n_shop_2, minmay_diced_spiral
D:7:      layout_basic, lemuel_doored_altar
D:8:      minmay_chambers_of_sevens, layout_gridville, david_lair_shrubbed
D:9:      layout_basic, st_stairs_6, uniq_harold
Temple:   mainiacjoe_temple_bowtie_tessellation
Lair:1:   layout_chaotic_city, ebering_ghost_reflecting_pool,
          cheibrodos_lair_caveside_slide, chequers_serial_rivers_room_a

Skill      XL: |  1  2  3  4  5  6  7  8  9 10 11 |
---------------+----------------------------------+-----
Ice Magic      | 5 6 7 8 10 11 12 | 12.1
Spellcasting   | 4 6 11 14 | 14.0
Conjurations   | 1 4 |  4.1
Fire Magic     | 3 4 6 7 |  7.0
Air Magic      | 3 4 |  4.0
Poison Magic   | 3 4 |  4.0
Dodging        | |  2.4
Stealth        | |  2.4

Action                   |  1- 3 |  4- 6 |  7- 9 | 10-12 || total
-------------------------+-------+-------+-------+-------++-------
Melee: Dagger            |    15 |       |       |       ||    15
       Punch             |     1 |       |     1 |       ||     2
       Mace              |       |    66 |   108 |     3 ||   177
 Cast: Freeze            |    48 |    34 |    69 |    33 ||   184
       Frozen Ramparts   |     1 |     5 |    17 |     8 ||    31
       Ozocubu's Armour  |       |     7 |    15 |     8 ||    30
       Shock             |       |       |    73 |    37 ||   110
       Hailstorm         |       |       |     3 |     7 ||    10
       Mephitic Cloud    |       |       |     1 |     2 ||     3
       Sticky Flame      |       |       |       |     1 ||     1
  Use: Scroll            |       |       |     8 |    10 ||    18
       Potion            |       |       |     1 |       ||     1
 Stab: Sleeping          |     4 |     4 |     8 |       ||    16
Armor: Robe              |     4 |    29 |    60 |    10 ||   103
       Skin              |       |       |    10 |       ||    10
Dodge: Dodged            |    21 |    66 |   125 |    25 ||   237
Block: Other             |       |       |    46 |     8 ||    54
